 Dungeon Crawl Stone Soup version 0.21.1-1-g345015f (webtiles) character file.

44 Mirai the Skirmisher (level 3, 0/29 HPs)
             Began as a Demonspawn Fighter on Apr 7, 2018.
             Succumbed to an adder's poison
             ... on level 2 of the Dungeon.
             The game lasted 00:01:40 (1097 turns).

Mirai the Skirmisher (Demonspawn Fighter)           Turns: 1097, Time: 00:01:41

Health: 0/29       AC:  7    Str: 22    XL:     3   Next: 39%
Magic:  2/3        EV:  7    Int:  9    God:
Gold:   65         SH:  9    Dex: 14    Spells: 2/2 levels left

rFire    . . .     SeeInvis .   a - +0 war axe
rCold    + . .     Gourm    .   c - +0 shield
rNeg     . . .     Faith    .   b - +0 scale mail
rPois    .         Spirit   +   k - +0 helmet
rElec    .         Reflect  .   (no cloak)
rCorr    .         Harm     .   (no gloves)
MR       .....                  (no boots)
Stlth    ..........             (no amulet)
HPRegen  0.09/turn              (no ring)
MPRegen  0.16/turn              (no ring)

@: mighty, lethally poisoned (0 -> -4)
A: agile 1, cold resistance 1, wild magic 1, magic shield, magic regeneration
a: no special abilities


You were on level 2 of the Dungeon.
You were hungry.

You visited 1 branch of the dungeon, and saw 2 of its levels.

You collected 65 gold pieces.

Inventory:

Hand Weapons
 a - a +0 war axe (weapon)
Armour
 b - a +0 scale mail (worn)
 c - a +0 shield (worn)
 k - a +0 helmet (worn)
Scrolls
 e - a scroll of remove curse {unknown}
 i - 5 scrolls of teleportation {unknown}
 j - 2 scrolls of identify {unknown}
 l - a scroll of magic mapping {unknown}
Potions
 g - 2 potions of mutation
 h - 2 potions of lignification {unknown}
Comestibles
 f - 4 rations


   Skills:
 + Level 3.4 Fighting
 + Level 2.2 Axes
 + Level 3.1 Armour
 + Level 3.1 Shields


You had 2 spell levels left.
You didn't know any spells.

Dungeon Overview and Level Annotations

Branches:
Dungeon (2/15)

Altars:
Uskayaw


Innate Abilities, Weirdness & Mutations

When hurt, damage is shared between your health and your magic reserves.
You regenerate magic rapidly.
You are agile. (Dex +2)
Your flesh is cold resistant. (rC+)
Your spells are a little harder to cast, but a little more powerful.


Message History

The adder bites you but does no damage. The adder barely misses you.
You barely miss the adder.
The adder is heavily wounded.
* * * LOW HITPOINT WARNING * * *
You feel sick. You block the adder's attack. The adder closely misses you.
You closely miss the adder.
The adder is heavily wounded.
* * * LOW HITPOINT WARNING * * *
You feel sick. The adder bites you. The adder barely misses you.
Unknown command.
You closely miss the adder.
The adder is heavily wounded.
The adder bites you but does no damage. The adder barely misses you.
Unknown command.
You slash the adder!
You kill the adder!
It was a potion of mutation.
You feel extremely strange.
You feel resistant to cold.
You feel less in control of your magic.
You feel agile.
You die...

......##..#.#.......######.#####.
......##..#.#.......# #..#
.......#..#.#)......# #.##
.#####.#..#.#......## #.# .
.#..#.#......# #.#
##..#.#......## #.#
##...###.....#####.## #####
##.##.......## #@############ #.#
###..... #.# #.#### #'# .#
#..$.....# .# #........# .#
#........# #..........
#....(....$#


There were no monsters in sight!

Vanquished Creatures
  A gnoll (D:1)
  An adder (D:2)
  A leopard gecko (D:1)
  3 bats (D:1)
  2 hobgoblins (D:1)
  6 jackals
  A kobold (D:1)
  A quokka (D:2)
  2 frilled lizards (D:1)
  2 goblins
  3 rats (D:1)
23 creatures vanquished.

Notes
Turn   | Place    | Note
-------+----------+-------------------------------------------
     0 | D:1      | Mirai the Demonspawn Fighter began the quest for the Orb.
     0 | D:1      | Reached XP level 1. HP: 18/18 MP: 1/1
   288 | D:1      | Gained mutation: When hurt, damage is shared between your health and your magic reserves. [demonic ancestry]
   288 | D:1      | Reached XP level 2. HP: 21/24 MP: 2/2
   930 | D:2      | Gained mutation: You regenerate magic rapidly. [demonic ancestry]
   930 | D:2      | Reached XP level 3. HP: 27/29 MP: 3/3
  1060 | D:2      | Found a hide-covered altar of Uskayaw.
  1094 | D:2      | HP: 1/29 [poisoned by an adder]
  1097 | D:2      | Gained mutation: Your flesh is cold resistant. (rC+) [potion of mutation]
  1097 | D:2      | Gained mutation: Your spells are a little harder to cast, but a little more powerful. [potion of mutation]
  1097 | D:2      | Gained mutation: You are agile. (Dex +2) [potion of mutation]
  1097 | D:2      | Succumbed to an adder's poison

Skill      XL: |  1  2 |
---------------+-------+-----
Axes           | 2 |  2.2
Armour         | 3 |  3.1
Shields        | 3 |  3.1
Fighting       | |  3.4

Action                   || total
-------------------------++-------
Melee: War axe           ||   100
  Use: Potion            ||     2
Armor: Scale mail        ||    59
Dodge: Dodged            ||    51
Block: Shield            ||    55
